 Dungeon Crawl Stone Soup version 0.31-a0-1082-g7d1fb776a8 (webtiles) character file.

Game seed: 130949897646200483

70 Flugslaktarn the Changeling (level 4, 0/29 HPs)
             Began as an Octopode Shapeshifter on Nov 28, 2023.
             Slain by Grinder (6 damage)
             ... on level 3 of the Dungeon.
             The game lasted 00:00:55 (2088 turns).

Flugslaktarn the Changeling (Octopode Shapeshifter) Turns: 2088, Time: 00:00:56

Health: 0/29       AC:  1    Str: 13    XL:     4   Next: 21%
Magic:  4/4        EV: 13    Int: 12    God:
Gold:   166        SH:  0    Dex: 13    Spells: 3/3 levels left

rFire   . .          .
                       - Unarmed
rCold   . . .        p - orb {light}
rNeg    . . .        (helmet currently unavailable)
rPois   .            (no amulet)
rElec   .            o - ring of wizardry
rCorr   .            (no ring)
SInv    .            (no ring)
Will    .....        (no ring)
Stlth   +            (no ring)
HPRegen 0.24/turn    (no ring)
MPRegen 0.09/turn    (no ring)
                     (no ring)

%: wizardry (x1)
@: beast-form, glowing
A: beast (slay +2), almost no armour, amphibious, 8 rings, camouflage 1,
gelatinous body 1, (nimble swimmer 1), tentacles
a: Begin Untransformation


You were on level 3 of the Dungeon.
You were a hulking beast.
You visited 1 branch of the dungeon, and saw 3 of its levels.

You collected 166 gold pieces.

Inventory:

Armour
 p - an orb of light (worn)
   (You found it on level 3 of the Dungeon)
Jewellery
 o - a ring of wizardry (left tentacle)
   (You found it on level 3 of the Dungeon)
Talismans
 b - a beast talisman
 c - a flux talisman
 l - a maw talisman
   (You found it on level 2 of the Dungeon)
Scrolls
 d - a scroll of vulnerability {unknown}
 e - a scroll of enchant weapon {unknown}
 f - 4 scrolls of identify {unknown}
 g - a scroll of amnesia {unknown}
 n - a scroll of enchant armour {unknown}
Potions
 a - a potion of lignification
 h - a potion of enlightenment {unknown}
 i - a potion of mutation {unknown}
 j - a potion of invisibility {unknown}
 k - a potion of degeneration {unknown}
 m - a potion of attraction {unknown}
 q - a potion of might {unknown}


   Skills:
 + Level 2.0 Fighting
 - Level 2.3 Dodging
 + Level 3.5 Unarmed Combat
 * Level 3.7 Shapeshifting


You had 3 spell levels left.
You didn't know any spells.
Your spell library was empty.

Dungeon Overview and Level Annotations

Branches:
Dungeon (3/15)

Altars:
Gozag

Annotations:
D:3 1 runed translucent door, Grinder; Tenar's ghost, novice FoHu


Innate Abilities, Weirdness & Mutations

You are a hulking beast.
Your limbs bulge with bestial killing power. (Slay +2)
You cannot wear most types of armour.
You are amphibious.
You can wear up to eight rings at the same time.
Your skin changes colour to match your surroundings (Stealth+).
Your rubbery body absorbs attacks. (AC +1, EV +1)
((You are camouflaged when in or above water. (Stealth+)))
You have tentacles for arms and can constrict up to eight enemies at once.


Message History

There is an escape hatch in the floor here.
There is a stone staircase leading down here.
As you open the door, it creaks loudly!
Found a robe.
Found an opulent altar of Gozag.
No target in view!
No target in view!
No target in view!
No target in view!
No target in view!
No target in view!
An endoplasm comes into view.
An endoplasm is nearby!
An endoplasm is nearby!
The endoplasm quivers.
You bludgeon the endoplasm!
You kill the endoplasm!
No target in view!
No target in view!
No target in view!
A bat comes into view.
A bat is nearby!
A bat is nearby!
Found a flail.
The bat closely misses you.
You barely miss the bat. Your grab misses the bat.
The bat hits you but does no damage. The bat closely misses you.
The bat hits you.
You tentacle-slap the bat but do no damage.
You grab the bat. You squeeze the bat.
You kill the bat!
No target in view!
No target in view!
You see here a bat corpse.
You see here a +0 flail.
Found a stone staircase leading down.
No target in view!
Found a stone staircase leading up.
Found 3 stones.
No target in view!
No target in view!
No target in view!
You see here 3 stones.
Found a spear.
You see here a +0 spear.
You open the door.
There is an open door here.
You now have 155 gold pieces (gained 14).
You see here a +0 chain mail.
As you open the door, it creaks loudly!
There is an open door here.
f - 4 scrolls labelled GAKUAL GIUTZE (gained 1)
A jackal comes into view.
A jackal is nearby!
A jackal comes into view.
The helpless jackal fails to defend itself.
You tentacle-slap the jackal. You grab the jackal.
The jackal is heavily wounded.
You constrict the jackal. The jackal closely misses you.
The jackal barely misses you. The jackal bites you.
You tentacle-slap the jackal.
You kill the jackal!
The jackal barely misses you.
You tentacle-slap the jackal. You grab the jackal. You squeeze the jackal.
You kill the jackal!
No target in view!
No target in view!
No target in view!
HP restored.
q - a golden potion
Found a stone staircase leading up.
No target in view!
There is a stone staircase leading up here.
Found a runed translucent door.
Found a robe, 6 stones and a dagger.
Tenar's ghost turns its malevolent gaze towards you.
No reachable target in view!
No reachable target in view!
No reachable target in view!
No reachable target in view!
No reachable target in view!
You now have 166 gold pieces (gained 11).
You see here 6 stones.
You see here a +0 ring mail.
Grinder comes into view.
Grinder blinks!
Grinder moves out of view.
Grinder blinks!
Grinder is nearby!
Grinder hits you!
You writhe in agony.
You tentacle-slap Grinder but do no damage.
You grab Grinder. You constrict Grinder. Grinder gestures at you.
Pain shoots through your body!
* * * LOW HITPOINT WARNING * * *
You are too injured to fight recklessly!
You are too injured to fight recklessly!
You tentacle-slap Grinder.
Grinder is lightly wounded.
You constrict Grinder. Grinder hits you.
You die...
Grinder sighs, "Dead already?
I want a refund."

#.# #..... #..##
#....: #..###.....
########...##.####
#....##(......####
#.##.##........#..
#.##......##..##.#
#.##......###.....
#h###.....#####...
.###5##.[............
..)...#(##########...
......#.# ###...
####.....# #.+...
#........###
####.#...
#.#......#s§
#....#...
.........+§§
###..#...
#.##.....#§§
#....#...


You could see Grinder.

Vanquished Creatures
  2 adders (D:2)
  3 bats
  5 endoplasms
  5 giant cockroaches
  7 goblins
  5 hobgoblins
  2 jackals (D:3)
  2 kobolds
  3 quokkas
  5 ball pythons
  A frilled lizard (D:2)
  5 rats
45 creatures vanquished.

Notes
Turn   | Place    | Note
-------+----------+-------------------------------------------
     0 | D:1      | Flugslaktarn the Octopode Shapeshifter began the quest for
                  | the Orb.
     0 | D:1      | Reached XP level 1. HP: 13/13 MP: 1/1
   290 | D:1      | Reached XP level 2. HP: 18/18 MP: 2/2
  1012 | D:2      | Reached XP level 3. HP: 23/23 MP: 3/3
  1460 | D:2      | Reached XP level 4. HP: 16/29 MP: 4/4
  1823 | D:3      | Found an opulent altar of Gozag.
  2058 | D:3      | Found a runed translucent door.
  2064 | D:3      | Noticed a scorpion
  2064 | D:3      | Noticed Tenar's ghost (novice FoHu)
  2079 | D:3      | Noticed Grinder
  2088 | D:3      | Slain by Grinder

Illustrated notes

Levels and vault maps discovered:
D:1:      minmay_arrival_four_houses, layout_basic,
          chequers_serial_rivers_marsh, kennysheep_boxes
D:2:      layout_basic, minmay_close_crescents
D:3:      layout_basic, mainiacjoe_overflow_surrounded_room,
          ebering_ghost_inner_flame, kennysheep_generic_room_15, uniq_ijyb,
          uniq_grinder

Skill      XL: |  1  2  3  4 |
---------------+-------------+-----
Fighting       | 2 |  2.0
Dodging        | |  2.3
Unarmed Combat | |  3.5
Shapeshifting  | |  3.7

Action                     |  1- 3 |  4- 6 || total
---------------------------+-------+-------++-------
  Melee: Unarmed           |    67 |    13 ||    80
         Constrict         |    15 |     5 ||    20
         Tentacles         |    10 |     2 ||    12
         Punch             |     1 |       ||     1
   Stab: Sleeping          |     5 |     1 ||     6
 Armour: Skin              |    30 |     8 ||    38
  Dodge: Dodged            |    25 |     6 ||    31

Table legend: (Time is in decaauts)
 A = Elapsed time spent in this place.
 B = Non-inter-level travel time spent in this place.
 C = Inter-level travel time spent in this place.
 D = Time resting spent in this place.
 E = Time spent auto-exploring this place.
 F = Levels seen in this place.
 G = Mean time per level.
                   A        B        C        D        E       F      G
               +--------+--------+--------+--------+--------+-----+--------+
         Total |   2082 |   2048 |     34 |     64 |   1690 |   3 |  694.0 |
       Dungeon |   2082 |   2048 |     34 |     64 |   1690 |   3 |  694.0 |
               +--------+--------+--------+--------+--------+-----+--------+

Top non-repeatable levels by time:
     D:1: 979 daAuts
     D:2: 691 daAuts
     D:3: 411 daAuts
